 Dungeon Crawl Stone Soup version 0.27-a0-1200-g94dc6ad4cf (webtiles) character file.

Game seed: 4985604497793596073

12257 Gwenloh the Thaumaturge (level 12, -2/78 HPs)
             Began as a Djinni Fire Elementalist on May 31, 2021.
             Was a Priest of Makhleb.
             Slain by a cane toad (11 damage)
             ... on level 1 of the Lair of Beasts.
             The game lasted 00:59:12 (16337 turns).

Gwenloh the Thaumaturge (Djinni Fire Elementalist) Turns: 16337, Time: 00:59:14

Health: -2/78      AC:  8    Str:  7    XL:     12   Next: 18%
Gold:   803        EV: 13    Int: 20    God:    Makhleb [***...] SH:  6 Dex: 16

rFire    + + .     SeeInvis .   a - staff of fire
rCold    + . .     Faith    .   D - +1 buckler
rNeg     . . .     Spirit   .   J - +3 leather armour {rC+}
rPois    ∞         Reflect  .   (no helmet)
rElec    .         Harm     .   (no cloak)
rCorr    .         Rampage  .   h - +1 pair of gloves
Will     +....                  (boots unavailable)
Stlth    ++........             (no amulet)
HPRegen  0.23/turn              j - ring of ice
MPRegen  0.00/turn              u - +4 ring of slaying

@: flying
A: sickness immunity, fire resistance 2, cold vulnerability 1, float, innate
caster, hp casting, extra vitality 1
a: Renounce Religion, Minor Destruction, Lesser Servant of Makhleb


You were on level 1 of the Lair of Beasts.
You worshipped Makhleb.
Makhleb was most pleased with you.
You visited 3 branches of the dungeon, and saw 11 of its levels.

You collected 803 gold pieces.

Inventory:

Hand Weapons
 b - a +4 vampiric trident
 v - a +1 vampiric whip
 B - a +2 whip of electrocution
Missiles
 c - 2 curare-tipped darts
 d - 2 throwing nets
Armour
 h - a +1 pair of gloves (worn)
 D - a +1 buckler (worn)
 J - a +3 leather armour of cold resistance (worn)
Magical Staves
 a - a staff of fire (weapon)
Jewellery
 j - a ring of ice (left hand)
 u - a +4 ring of slaying (right hand)
Wands
 l - a wand of iceblast (18)
 y - a wand of paralysis (10)
 A - a wand of charming (5)
 E - a wand of flame (32)
Scrolls
 e - 4 scrolls of teleportation
 f - 2 scrolls of immolation
 g - 4 scrolls of holy word
 m - a scroll of brand weapon
 n - a scroll of acquirement
 o - 2 scrolls of enchant weapon
 r - a scroll of magic mapping
 F - a scroll of vulnerability {unknown}
 I - 2 scrolls of blinking
 K - a scroll of torment {unknown}
 L - a scroll of identify
Potions
 i - 6 potions of flight {unknown}
 k - 2 potions of brilliance {unknown}
 p - a potion of attraction {unknown}
 q - 4 potions of curing {unknown}
 s - 4 potions of heal wounds {unknown}
 t - a potion of lignification {unknown}
 w - 2 potions of degeneration {unknown}
 x - a potion of cancellation {unknown}
 z - a potion of resistance {unknown}
 C - 2 potions of ambrosia {unknown}
 G - 2 potions of berserk rage {unknown}
 H - a potion of might {unknown}


   Skills:
 + Level 4.1 Fighting
 + Level 5.1 Dodging
 - Level 1.5 Stealth
 - Level 4.0 Shields
 * Level 12.3 Spellcasting
 * Level 6.0 Invocations


You had 7 spell levels left.
You knew the following spells:

 Your Spells              Type           Power      Damage    Failure   Level
a - Foxfire               Conj/Fire      100%       2x1d9     1%          1
b - Conjure Flame         Conj/Fire      75%        6-21      1%          3
c - Inner Flame           Hex/Fire       75%        N/A       1%          3
d - Sticky Flame          Conj/Fire      75%        2d9       1%          4
e - Fireball              Conj/Fire      37%        3d15      1%          5
f - Beastly Appendage     Tmut           100%       N/A       1%          1
g - Ensorcelled Hibernat  Hex/Ice        100%       N/A       1%          2
h - Static Discharge      Conj/Air       58%        N/A       1%          2
i - Spider Form           Tmut/Pois      29%        N/A       1%          3
j - Cause Fear            Hex            29%        N/A       1%          4
Your spell library was empty.

Dungeon Overview and Level Annotations

Branches:
Dungeon (8/15)             Temple (1/1) D:6            Lair (2/6) D:8
 Shoals (0/4) Lair:2
  Snake: Lair:2-4    Spider: Lair:2-4

Altars:
Ashenzari
Cheibriados
Dithmenos
Elyvilon
Fedhas
Gozag
Hepliaklqana
Kikubaaqudgha
Makhleb
Nemelex Xobeh
Okawaru
Qazlal
Ru
Sif Muna
Trog
Uskayaw
Vehumet
Wu Jian
Xom
Yredelemnul
Zin
The Shining One

Shops:
D:8 :

Annotations:
D:5 2 transporters
Lair:2 Erica


Innate Abilities, Weirdness & Mutations

You are immune to sickness and miasma.
You are immune to poison.
Your flesh is very heat resistant. (rF++)
You are vulnerable to cold. (rC-)
You float through the air rather than walking.
You learn spells naturally, not from books.
Your magical power is your life essence.
You have superior vitality. (+4 HP)


Message History

The cane toad misses you.
The blink frog blinks!
The cane toad stings you.
The blink frog blinks!
The cane toad stings you but does no damage.
The blink frog blinks!
The blink frog blinks!
The blink frog blinks!
You hit the fungus.
The fungus begins to die.
The fungus is lightly damaged.
The cane toad misses you.
There is a stone staircase leading up here.
A nearby fungus withers and dies.
The blink frog blinks!
The cane toad stings you but does no damage.
The blink frog barely misses you.
You fly upwards.
Reactivating autopickup.
There is a stone staircase leading down here.
Casting: Foxfire (safe; 1% risk of failure)
Confirm with . or Enter, or press ? or * to list all spells.
Aiming: Sticky Flame (mildly dangerous; 1% risk of failure)
Press: ? - help, Shift-Dir - straight line, f - blink frog
Aim: a blink frog (moderately wounded, 100% to hit)
You feel a surge of power!
The sticky flame hits the blink frog.
The blink frog is heavily wounded.
The blink frog is covered in liquid flames!
The blink frog burns!
The blink frog misses you. The cane toad stings you!!
Casting: Sticky Flame (mildly dangerous; 1% risk of failure)
Confirm with . or Enter, or press ? or * to list all spells.
Aiming: Sticky Flame (mildly dangerous; 1% risk of failure)
Press: ? - help, Shift-Dir - straight line, f - cane toad, p - blink frog
Aim: a cane toad (lightly wounded, 100% to hit)
You feel a surge of power!
The sticky flame hits the cane toad.
The cane toad is lightly wounded.
The cane toad is covered in liquid flames!
* * * LOW HITPOINT WARNING * * *
The blink frog burns!
The cane toad burns!
The blink frog misses you. The cane toad stings you!
* * * LOW HITPOINT WARNING * * *
The blink frog hits you but does no damage.
The cane toad stings you!
You die...

###'.+#.......#.#+#.##....#.
#......##.....##.....####.##
##.....##.....##.....###..#
#.......#..⌠.........#.##.#
###..⌠..#.....#..⌠..##.##.#
###...........#.....#..##.#
#.##.......⌠.......##..##.#
##.##.......F.....####.##.#
#.###..⌠..@..⌠..##.##.##.#
#.# ##.....F...##.###....#
#.## ##...⌠...###.##..##.##
###..#####.....##.......##..#
#....#P#####'####..........##
##.......##...##....###.####
#.......#.....###...##..####
#.#.#####⌠.>.⌠#............#
#..## #......##...######.#


You could see a cane toad (burning) and a blink frog (burning).

Vanquished Creatures
  A boulder beetle (Lair:1)
  A two-headed ogre (D:7)
  Pikel (D:6)
  A cyclops (D:8)
  An ugly thing (D:8)
  2 merfolk sirens (Lair:2)
  A black mamba (Lair:1)
  2 cane toads (Lair:1)
  2 komodo dragons
  2 merfolk (Lair:2)
  Prince Ribbit (Lair:2)
  2 blink frogs (Lair:2)
  Grinder (D:3)
  2 wyverns
  A warg (D:8)
  Edmund (D:6)
  An acid dragon (D:8)
  4 water moccasins
  A black bear (D:7)
  4 orc warriors (D:8)
  2 ice beasts
  2 necrophages
  A sky beast (D:7)
  11 ogres
  4 wolves
  A centaur (D:6)
  2 phantoms
  A lemure (D:6)
  4 kobold brigands
  8 bullfrogs
  2 gnoll sergeants (D:8)
  A scorpion (D:6)
  A wyvern zombie (D:7)
  A wyvern skeleton (D:5)
  5 wights (D:7)
  10 howler monkeys
  An electric eel (Lair:2)
  A centaur zombie (D:7)
  9 hounds
  A jelly (D:8)
  5 orc priests (D:8)
  4 gnoll shamans
  A bullfrog skeleton (D:6)
  6 iguanas
  6 orc wizards
  A howler monkey zombie (D:8)
  17 gnolls
  10 adders
  An ufetubus (D:6)
  2 worms
  2 dart slugs
  29 orcs
  3 bats
  7 endoplasms
  7 giant cockroaches
  5 hobgoblins
  3 jackals (D:5)
  3 quokkas
  10 ball pythons
  4 goblins
  20 kobolds
  7 rats
253 creatures vanquished.

Vanquished Creatures (collateral kills)
  4 foxfires
4 creatures vanquished.

Vanquished Creatures (others)
  A centaur skeleton (D:7)
  757 foxfires
  15 fungi
  31 plants
804 creatures vanquished.

Grand Total: 1061 creatures vanquished

Notes
Turn   | Place    | Note
-------+----------+-------------------------------------------
     0 | D:1      | Gwenloh the Djinni Fire Elementalist began the quest for
                  | the Orb.
     0 | D:1      | Reached XP level 1. HP: 15/15 MP: 0/0
   260 | D:1      | Reached XP level 2. HP: 20/21 MP: 0/0
   345 | D:1      | Reached skill level 3 in Spellcasting
  1003 | D:1      | Reached XP level 3. HP: 24/25 MP: 0/0
  1003 | D:1      | Learned a level 1 spell: Beastly Appendage
  2045 | D:2      | Reached XP level 4. HP: 21/31 MP: 0/0
  2817 | D:2      | Found a faded altar of an unknown god.
  3099 | D:2      | Reached skill level 4 in Spellcasting
  3413 | D:3      | Noticed Grinder
  3433 | D:3      | Killed Grinder
  3434 | D:3      | Reached skill level 5 in Spellcasting
  3434 | D:3      | Reached XP level 5. HP: 19/35 MP: 0/0
  3434 | D:3      | Learned a level 2 spell: Ensorcelled Hibernation
  3434 | D:3      | Reached XP level 6. HP: 22/40 MP: 0/0
  4468 | D:4      | Reached XP level 7. HP: 37/45 MP: 0/0
  4468 | D:4      | Learned a level 2 spell: Static Discharge
  5005 | D:4      | Reached skill level 6 in Spellcasting
  5639 | D:4      | Reached XP level 8. HP: 25/50 MP: 0/0
  5961 | D:5      | Entered Level 5 of the Dungeon
  5995 | D:5      | Reached skill level 7 in Spellcasting
  6481 | D:5      | Found a transporter.
  6855 | D:5      | Found a transporter.
  7212 | D:6      | Found a staircase to the Ecumenical Temple.
  7248 | Temple   | Entered the Ecumenical Temple
  7311 | Temple   | Became a worshipper of Makhleb the Destroyer
  7378 | D:6      | Reached skill level 8 in Spellcasting
  7409 | D:6      | Noticed Edmund
  7428 | D:6      | Killed Edmund
  7752 | D:6      | Reached XP level 9. HP: 11/55 MP: 0/0
  7752 | D:6      | Learned a level 3 spell: Spider Form
  8587 | D:6      | Noticed Pikel
  8607 | D:6      | Killed Pikel
  8608 | D:6      | Reached skill level 9 in Spellcasting
  9442 | D:7      | Reached skill level 10 in Spellcasting
  9523 | D:7      | Identified a scroll of acquirement
  9526 | D:7      | Acquired a staff of fire
 10226 | D:7      | Noticed a two-headed ogre
 10237 | D:7      | Killed a two-headed ogre
 10238 | D:7      | Reached XP level 10. HP: 53/60 MP: 0/0
 10554 | D:7      | Reached skill level 11 in Spellcasting
 10580 | D:7      | Reached * piety under Makhleb
 11046 | D:8      | Found Tiwnoag's Book Boutique.
 11270 | D:8      | Reached skill level 1 in Shields
 11271 | D:8      | Noticed a purple ugly thing
 11300 | D:8      | Killed a purple ugly thing
 11717 | D:8      | Noticed a cyclops
 11947 | D:8      | Noticed a komodo dragon
 11957 | D:8      | Found a staircase to the Lair.
 11965 | D:8      | Killed a komodo dragon
 11966 | D:8      | Reached skill level 1 in Invocations
 11966 | D:8      | Reached XP level 11. HP: 21/66 MP: 0/0
 11966 | D:8      | Learned a level 4 spell: Cause Fear
 12278 | D:8      | Reached skill level 1 in Fighting
 12525 | D:8      | Reached ** piety under Makhleb
 12678 | D:8      | HP: 2/67 [cyclops/large rock (29)]
 12700 | D:8      | Killed a cyclops
 13969 | Lair:1   | Entered Level 1 of the Lair of Beasts
 14010 | Lair:1   | Noticed a boulder beetle
 14039 | Lair:1   | Killed a boulder beetle
 14040 | Lair:1   | Reached skill level 12 in Spellcasting
 14749 | Lair:1   | Reached *** piety under Makhleb
 14972 | Lair:1   | Reached skill level 5 in Invocations
 15364 | Lair:2   | Noticed Prince Ribbit
 15827 | Lair:2   | Found a staircase to the Shoals.
 15827 | Lair:2   | Noticed a merfolk siren
 15827 | Lair:2   | Noticed a merfolk siren
 15830 | Lair:2   | Killed a merfolk siren
 15831 | Lair:2   | Reached XP level 12. HP: 68/78 MP: 0/0
 15855 | Lair:2   | Reached skill level 5 in Dodging
 16308 | Lair:2   | Noticed Erica
 16309 | Lair:2   | Killed Prince Ribbit
 16337 | Lair:1   | Slain by a cane toad

Illustrated notes

Levels and vault maps discovered:
D:1:      kennysheep_arrival_seaside, layout_basic, st_stairs_9,
          minmay_heptomino_d4
D:2:      layout_basic, basic_ecumenical_altar, minmay_split_cup_small
D:3:      layout_basic, uniq_grinder
D:4:      minmay_general_purpose_star, layout_rooms
D:5:      gammafunk_steamed_eel, layout_gridville
D:6:      layout_basic, minmay_temple_entry_stoned_glass, uniq_edmund,
          uniq_pikel
D:7:      layout_basic, minivault_22, chequers_serial_rivers_micro_a,
          lemuel_flamethrower_2
D:8:      lemuel_castle_with_subvaults [lemuel_castle_interior_carwin_3],
          layout_loops_cross, nicolae_overflow_crystal_walls,
          david_lair_shrubbed, serial_shops, shop, serial_park_tiny_1
Temple:   grunt_wide_crystal_templ
Lair:1:   layout_loops_ring, grunt_megastairs_3, infiniplex_staircase_pool_2,
          serial_bayou_shore_b, serial_bayou_shore_b
Lair:2:   layout_layer_cave, elwin_shoals_entry_stream, fungi_pond_lemuel,
          grunt_megastairs_2, serial_bayou_shore_a, uniq_erica,
          uniq_prince_ribbit2

Skill      XL: |  1  2  3  4  5  6  7  8  9 10 11 12 |
---------------+-------------------------------------+-----
Spellcasting   | 3 5 6 8 10 11 12 | 12.3
Shields        | 4 |  4.0
Invocations    | 1 5 6 |  6.0
Fighting       | 3 4 |  4.1
Dodging        | 4 5 |  5.1
Stealth        | |  1.5

Action                   |  1- 3 |  4- 6 |  7- 9 | 10-12 || total
-------------------------+-------+-------+-------+-------++-------
Melee: Dagger            |     1 |     1 |       |       ||     2
       Whip              |       |       |    16 |       ||    16
       Staff             |       |       |     2 |    11 ||    13
       Trident           |       |       |       |    51 ||    51
 Cast: Foxfire           |    46 |    76 |   142 |   186 ||   450
       Conjure Flame     |     4 |     4 |    16 |    25 ||    49
       Sticky Flame      |       |     2 |    27 |    34 ||    63
       Fireball          |       |     1 |     4 |    18 ||    23
       Cause Fear        |       |       |       |     1 ||     1
Invok: Minor Destruction |       |       |       |     1 ||     1
  Use: Scroll            |       |       |    10 |     5 ||    15
Armor: Robe              |     4 |     3 |    12 |       ||    19
       Leather armour    |       |       |       |    29 ||    29
Dodge: Dodged            |    12 |     7 |    45 |    50 ||   114
Block: Buckler           |       |       |       |    18 ||    18

Table legend: (Time is in decaauts)
 A = Elapsed time spent in this place.
 B = Non-inter-level travel time spent in this place.
 C = Inter-level travel time spent in this place.
 D = Time resting spent in this place.
 E = Time spent auto-exploring this place.
 F = Levels seen in this place.
 G = Mean time per level.
                   A        B        C        D        E       F      G
               +--------+--------+--------+--------+--------+-----+--------+
         Total |  16346 |  16049 |    297 |   1656 |  11973 |  11 | 1486.0 |
       Dungeon |  14176 |  13949 |    227 |   1350 |  10483 |   8 | 1772.0 |
        Temple |     72 |     64 |      8 |      0 |     55 |   1 |   72.0 |
          Lair |   2097 |   2035 |     62 |    306 |   1435 |   2 | 1048.5 |
               +--------+--------+--------+--------+--------+-----+--------+

Top non-repeatable levels by time:
     D:8: 2918 daAuts
     D:7: 2247 daAuts
     D:6: 1813 daAuts
     D:1: 1738 daAuts
     D:2: 1618 daAuts
     D:3: 1341 daAuts
  Lair:1: 1328 daAuts
     D:4: 1263 daAuts
     D:5: 1236 daAuts
  Lair:2: 768 daAuts
  Temple: 72 daAuts
